 Dungeon Crawl Stone Soup version 0.27.1-33-g824d729ab1 (webtiles) character file.

Game seed: 5947664608362236069

203 zeram the Ducker (level 5, -14/27 HPs)
             Began as a Spriggan Fighter on Dec 22, 2021.
             Demolished by an ogre (34 damage)
             ... on level 4 of the Dungeon.
             The game lasted 00:06:29 (4157 turns).

zeram the Ducker (Spriggan Fighter)                 Turns: 4157, Time: 00:06:36

Health: -14/27     AC:  2    Str: 12    XL:     5   Next: 51%
Magic:  6/6        EV: 20    Int: 11    God:
Gold:   23         SH:  8    Dex: 20    Spells: 4/4 levels left

rFire    . . .     SeeInvis +   a - +1 rapier
rCold    . . .     Faith    .   c - +1 buckler
rNeg     . . .     Spirit   .   b - +0 robe
rPois    .         Reflect  .   (helmet restricted)
rElec    .         Harm     .   (no cloak)
rCorr    .         Rampage  .   (gloves unavailable)
Will     .....                  (boots unavailable)
Stlth    ++........             (no amulet)
HPRegen  0.09/turn              e - +6 ring of dexterity
MPRegen  0.10/turn              (no ring)

@: very quick
A: very small, no large weapons, unfitting armour, see invisible, speed 3
a: no special abilities


You were on level 4 of the Dungeon.
You visited 1 branch of the dungeon, and saw 5 of its levels.

You collected 23 gold pieces.

Inventory:

Hand Weapons
 a - a +1 rapier (weapon)
Missiles
 n - 24 poisoned darts (quivered)
Armour
 b - a +0 robe (worn)
 c - a +1 buckler (worn)
Jewellery
 e - a +6 ring of dexterity (left hand)
 i - a ring of fire
Wands
 d - a wand of mindburst (11)
Potions
 h - a potion of heal wounds
 j - a potion of degeneration {unknown}
 m - a potion of haste {unknown}


   Skills:
 - Level 2.4 Fighting
 + Level 4.6 Short Blades
 + Level 5.5 Dodging
 + Level 3.0 Shields


You had 4 spell levels left.
You didn't know any spells.
Your spell library contained the following spells:

 Spells                   Type           Power      Damage    Failure   Level
 Corona                   Hex            0%         N/A       43%         1
 Ensorcelled Hibernation  Hex/Ice        0%         N/A       56%         2
 Tukima's Dance           Hex            0%         N/A       80%         3


Dungeon Overview and Level Annotations

Branches:
Dungeon (5/15)
 Temple: D:4-7

Altars:
Vehumet

Shops:
D:2 *


Innate Abilities, Weirdness & Mutations

You are very small and have problems with some larger weapons.
You are too small for most types of armour.
You have supernaturally acute eyesight. (SInv)
You cover ground extremely quickly. (Speed+++)


Message History

The hobgoblin is heavily wounded.
You block the ball python's attack. The ball python misses you.
The hobgoblin completely misses you.
You hit the hobgoblin.
You kill the hobgoblin!
You block the ball python's attack. The ball python barely misses you.
The ball python bites you. The ball python misses you.
You see here a hobgoblin corpse.
You hit the ball python.
The ball python is severely wounded.
The ball python closely misses you. The ball python grabs you.
The ball python constricts you.
You closely miss the ball python.
The ball python is severely wounded.
The ball python misses you. The ball python constricts you.
You barely miss the ball python.
The ball python is severely wounded.
The ball python closely misses you. The ball python constricts you.
You block the ball python's attack. The ball python constricts you.
You puncture the ball python!
You kill the ball python!
The endoplasm freezes you.
You are frozen.
You puncture the endoplasm!
You kill the endoplasm!
You see here a ball python corpse.
Found 30 sling bullets.
An ogre comes into view. It is wielding a +0 giant club.
Throw: 26 darts (poison)
Press: ? - help, Q - select action, (/) - cycle Shift-Dir - straight line, f - ogre
Aim: an ogre, wielding a +0 giant club (77% to hit)
You throw a poisoned dart. The poisoned dart hits the ogre.
The ogre is poisoned.
Throw: 25 darts (poison)
Press: ? - help, Q - select action, (/) - cycle Shift-Dir - straight line, f/p - ogre
Aim: an ogre, wielding a +0 giant club (poisoned, 77% to hit)
You throw a poisoned dart. The poisoned dart hits the ogre.
The ogre hits you with a +0 giant club!!
Ouch! That really hurt!
You die...

.#.#..........#....
...........#............
#.........##............
#.........##....#.......
...........#....#.......
##..#.#......#....(...#
######......#.##(....#
##.###...(O.....#. ###
##...@.......
###......... #....##...
.....# . ##..### ####


You could see an ogre (poisoned).

Vanquished Creatures
  A centaur (D:4)
  A centaur skeleton (D:3)
  3 adders
  A worm (D:3)
  2 dart slugs
  An orc (D:2)
  4 bats
  11 endoplasms
  5 giant cockroaches
  2 goblins
  8 hobgoblins
  3 kobolds
  A quokka (D:1)
  6 ball pythons
  5 frilled lizards
  A giant cockroach zombie (D:3)
  2 rats
57 creatures vanquished.

Vanquished Creatures (others)
  2 plants (D:3)
2 creatures vanquished.

Grand Total: 59 creatures vanquished

Notes
Turn   | Place    | Note
-------+----------+-------------------------------------------
     0 | D:1      | zeram the Spriggan Fighter began the quest for the Orb.
     0 | D:1      | Reached XP level 1. HP: 11/11 MP: 2/2
   375 | D:1      | Found a faded altar of an unknown god.
   386 | D:1      | Reached XP level 2. HP: 16/16 MP: 3/3
  1586 | D:2      | Found Ytebamiq's General Store.
  1596 | D:2      | Reached XP level 3. HP: 7/19 MP: 4/4
  2718 | D:3      | Reached skill level 5 in Dodging
  2718 | D:3      | Reached XP level 4. HP: 20/23 MP: 5/5
  2787 | D:3      | Found a radiant altar of Vehumet.
  3977 | D:4      | You fall into a shaft and drop 1 floor!
  3977 | D:5      | Entered Level 5 of the Dungeon
  4081 | D:4      | Noticed a centaur
  4091 | D:4      | Killed a centaur
  4092 | D:4      | Reached XP level 5. HP: 21/27 MP: 6/6
  4153 | D:4      | Noticed an ogre
  4157 | D:4      | Demolished by an ogre

Illustrated notes

Levels and vault maps discovered:
D:1:      dpeg_arrival_stonehenge_12_columns, layout_basic,
          ebering_ecumenical_altar_rust
D:2:      layout_basic, serial_shops, nicolae_diamond_shop
D:3:      layout_loops_ring, mainiacjoe_overflow_paths, serial_bayou_pond_b
D:4:      layout_cave_pools, gup_ossuary_entry_pyramid, minmay_crossroads
D:5:      layout_rooms, minivault_5, chequers_serial_rivers_small_a

Skill      XL: |  1  2  3  4 |
---------------+-------------+-----
Short Blades   | 3 4 |  4.6
Dodging        | 5 |  5.5
Shields        | 3 |  3.0
Fighting       | |  2.4

Action                   |  1- 3 |  4- 6 || total
-------------------------+-------+-------++-------
Melee: Rapier            |   111 |    80 ||   191
Throw: Dart              |       |     2 ||     2
  Use: Scroll            |       |     6 ||     6
       Potion            |       |     3 ||     3
 Stab: Sleeping          |     4 |     1 ||     5
Armor: Robe              |    12 |     3 ||    15
Dodge: Dodged            |    84 |    67 ||   151
Block: Buckler           |    36 |    38 ||    74
